Map: Dusk Towers

Players

Nomac

  • Race: Zerg Zerg
  • League: Master

Lack - Winner!

  • Race: Protoss Protoss
  • League: Master

VOD

Have the link to the VOD?

Description

Time

  • Played on: April 5, 2016, 4:34 a.m.
  • Length: 22:56
Show
View Real Time Build Order
Export as new Build Order

Nomac Zerg 

Build Orders: 3 Hatch before Pool, Lurkers 

Get SALT Encoding   

  12  0:01  Drone  
  13  0:13  Overlord  
  13  0:21  Drone  
  14  0:32  Drone x2  
  16  0:36  Drone  
  17  0:55  Hatchery  
  16  0:57  Drone  
  17  1:19  Hatchery  
  17  1:22  Drone  
  17  1:36  Spawning Pool  
  17  1:39  Drone  
  17  1:43  Extractor  
  17  1:47  Drone  
  17  1:48  Drone  
  19  1:54  Drone  
  19  2:01  Drone  
  19  2:07  Drone  
  21  2:19  Drone x2  
  23  2:23  Queen  
  23  2:26  Queen  
  27  2:31  Drone  
  27  2:36  Zergling x2  
  29  2:38  Zergling x2  
  30  2:45  Zergling x2  
  30  2:46  Metabolic Boost  
  30  2:49  Zergling x4  
  33  2:54  Zergling x2  
  33  2:57  Overlord  
  34  3:11  Overlord  
  34  3:15  Queen  
  34  3:17  Drone x3  
  38  3:28  Drone x3  
  37  3:43  Drone  
  37  3:47  Drone x4  
  42  3:51  Drone x6  
  48  3:59  Drone  
  49  4:03  Overlord  
  49  4:05  Overlord  
  49  4:14  Overlord  
  47  4:38  Drone x6  
  48  4:39  Drone x8  
  59  4:46  Lair  
  59  4:49  Extractor  
  58  4:55  Extractor  
  58  4:56  Extractor  
  56  5:02  Overlord  
  56  5:07  Overlord x2  
  56  5:13  Drone x7  
  56  5:14  Drone x3  
  66  5:19  Hatchery  
  65  5:23  Drone  
  65  5:26  Overlord x3  
  65  5:27  Spore Crawler  
  65  5:29  Spore Crawler  
  65  5:30  Spore Crawler  
  65  5:34  Spore Crawler  
  65  5:35  Spore Crawler  
  61  5:37  Spore Crawler  
  61  5:39  Drone x5  
  65  5:46  Spore Crawler  
  64  5:50  Hydralisk Den  
  64  5:55  Drone x4  
  64  5:56  Drone  
  68  6:00  Drone x3  
  68  6:01  Extractor x2, Drone x3  
  73  6:04  Drone x2  
  74  6:11  Pneumatized Carapace  
  74  6:13  Burrow  
  74  6:19  Lurker Den  
  74  6:20  Drone x3  
  74  6:21  Overlord  
  74  6:22  Evolution Chamber  
  74  6:23  Evolution Chamber  
  74  6:31  Drone x3  
  74  6:32  Drone  
  76  6:33  Queen, Spore Crawler  
  73  6:54  Hydralisk x6  
  73  6:55  Hydralisk x4  
  73  7:01  Zerg Ground Armor Level 1, Zerg Melee Weapons Level 1  
  93  7:06  Drone  
  94  7:17  Hydralisk x4  
  94  7:18  Hydralisk x3  
  106  7:38  Drone  
  106  7:39  Zergling x4  
  106  7:41  Drone x2  
  106  7:42  Spore Crawler  
  106  7:43  Spore Crawler  
  109  7:47  Overseer  
  109  7:50  Muscular Augments  
  109  7:55  Lurker x4  
  109  7:57  Lurker  
  114  8:03  Overlord  
  114  8:04  Overlord x5  
  114  8:13  Spire  
  114  8:14  Queen  
  114  8:15  Drone, Infestation Pit  
  114  8:16  Drone x2  
  117  8:24  Lurker x2  
  119  8:27  Zergling x2  
  119  8:28  Zergling x30  
  135  8:34  Drone  
  135  8:35  Drone x2  
  135  8:37  Extractor  
  135  8:40  Extractor  
  134  8:44  Hydralisk  
  134  8:45  Hydralisk x4  
  143  9:03  Drone x2  
  143  9:04  Zerg Melee Weapons Level 2, Zerg Ground Armor Level 2  
  145  9:10  Spine Crawler x2  
  145  9:11  Spine Crawler  
  145  9:13  Zergling x2  
  145  9:14  Zergling x16  
  151  9:21  Lurker x3  
  151  9:37  Zergling x2  
  151  9:38  Overlord x2, Zergling x20  
  157  9:56  Overlord x2, Drone x5  
  157  9:57  Overlord x2  
  157  9:59  Hive  
  146  10:00  Zerg Flyer Weapons Level 1  
  143  10:12  Lurker  
  143  10:13  Lurker x6  
  150  10:14  Overseer  
  147  10:28  Zergling x2  
  147  10:29  Zergling x30  
  163  10:36  Drone x2  
  163  10:40  Overseer  
  165  10:46  Hydralisk  
  165  10:47  Hydralisk x5  
  170  11:04  Hydralisk x5  
  170  11:05  Hydralisk  
  170  11:07  Lurker x3  
  179  11:21  Hydralisk x6  
  179  11:22  Hydralisk  
  184  11:37  Adrenal Glands  
  179  11:44  Hydralisk x2  
  179  11:45  Hydralisk x2  
  187  11:48  Zergling x8  
  187  11:49  Zergling x6  
  190  11:56  Lurker x2  
  190  11:57  Zergling x4  
  190  11:58  Zergling x2  
  195  12:09  Zergling x6  
  195  12:10  Zerg Melee Weapons Level 3  
  178  12:32  Lurker x4  
  178  12:33  Lurker  
  178  12:34  Zergling x2  
  178  12:35  Zergling x18  
  178  12:36  Queen x3  
  196  12:51  Lurker x3  
  195  12:57  Zergling x14  
  200  13:02  Hatchery  
  200  13:05  Greater Spire  
  199  13:10  Zerg Ground Armor Level 3  
  199  13:30  Zergling x2  
  200  13:38  Ultralisk Cavern  
  199  13:54  Zergling x2  
  187  14:07  Zergling x6  
  143  14:21  Zergling x2  
  143  14:22  Zergling x22  
  143  14:23  Queen x5  
  156  14:46  Zergling x2  
  156  14:47  Zergling x18  
  156  14:50  Spine Crawler  
  165  14:59  Corruptor x3, Queen  
  166  15:00  Corruptor x3  
  166  15:01  Spine Crawler  
  166  15:02  Spore Crawler x2  
  171  15:10  Extractor x2  
  171  15:12  Spine Crawler x2  
  163  15:17  Corruptor x5  
  163  15:18  Corruptor x4  
  140  15:44  Corruptor x3  
  133  15:57  Corruptor x4  
  133  15:58  Corruptor x3  
  133  16:01  Drone x4  
  135  16:25  Hydralisk x5  
  126  16:49  Zergling x14  
  126  16:51  Queen  
  126  16:52  Queen x2  
  133  16:56  Hatchery  
  133  17:00  Ultralisk  
  136  17:04  Lurker x3  
  135  17:14  Ultralisk  
  138  17:16  Brood Lord  
  135  17:33  Ultralisk x2  
  147  17:37  Brood Lord  
  147  17:38  Brood Lord  
  151  17:55  Brood Lord x3  
  157  18:09  Corruptor x3  
  157  18:10  Corruptor  
  165  18:18  Extractor  
  164  18:20  Extractor  
  163  18:34  Brood Lord x2  
  163  18:37  Hydralisk  
  163  18:39  Brood Lord x2  
  153  18:42  Drone x9  
  153  18:43  Brood Lord x3  
  152  19:04  Spore Crawler  
  152  19:07  Spine Crawler  
  152  19:08  Spine Crawler, Corruptor x3  
  152  19:09  Corruptor  
  157  19:14  Spine Crawler  
  156  19:24  Zerg Flyer Weapons Level 2  
  156  19:30  Drone x3  
  156  19:31  Drone x9  
  168  19:40  Corruptor x2  
  172  20:07  Overlord x3  
  172  20:08  Hatchery, Ultralisk  
  172  20:14  Overseer  
  177  20:22  Overlord  
  177  20:23  Overlord x3  
  177  20:28  Ultralisk  
  183  20:33  Spine Crawler  
  183  20:35  Spine Crawler  
  181  20:42  Ultralisk  
  187  20:54  Ultralisk  
  187  20:56  Ultralisk  
  200  20:57  Zergling x2  
  200  21:07  Lair  
  200  21:10  Spine Crawler x2  
  198  21:19  Corruptor  
  200  21:33  Spine Crawler  
  200  21:36  Drone  
  200  21:53  Extractor  
  199  21:55  Extractor  
  198  22:03  Spine Crawler x2  
  198  22:04  Spine Crawler  
  198  22:07  Corruptor x2  
  199  22:12  Drone  
Show
View Real Time Build Order
Export as new Build Order

Lack Protoss - Winner!

Build Orders: Nexus First, Zealot Archon 

Get SALT Encoding   

  12  0:01  Probe (Chrono Boost)  
  13  0:11  Probe (Chrono Boost)  
  14  0:17  Pylon  
  14  0:22  Probe (Chrono Boost)  
  15  0:51  Nexus  
  15  1:02  Gateway  
  15  1:06  Probe (Chrono Boost)  
  16  1:12  Assimilator  
  16  1:18  Assimilator  
  16  1:21  Probe (Chrono Boost)  
  17  1:31  Probe (Chrono Boost)  
  18  1:40  Gateway  
  18  1:42  Probe (Chrono Boost)  
  19  1:52  Cybernetics Core  
  19  1:56  Probe (Chrono Boost)  
  20  2:07  Probe (Chrono Boost)  
  20  2:08  Pylon  
  21  2:11  Probe (Chrono Boost)  
  22  2:22  Probe (Chrono Boost)  
  23  2:30  Adept x2 (Chrono Boost)  
  23  2:33  Warp Gate  
  23  2:36  Probe  
  28  2:39  Probe  
  29  2:48  Probe  
  30  2:52  Probe  
  31  3:00  Probe  
  31  3:01  Sentry (Chrono Boost)  
  31  3:02  Sentry (Chrono Boost)  
  31  3:04  Probe  
  37  3:12  Probe, Pylon  
  37  3:16  Probe  
  39  3:21  Stargate  
  39  3:25  Probe  
  40  3:29  Probe  
  41  3:37  Probe  
  42  3:48  Probe  
  43  3:49  Probe  
  43  3:54  Assimilator  
  44  3:57  Pylon, Assimilator  
  44  4:00  Probe (Chrono Boost)  
  44  4:01  Phoenix  
  45  4:07  Probe (Chrono Boost)  
  48  4:11  Probe (Chrono Boost)  
  49  4:17  Pylon  
  49  4:19  Probe (Chrono Boost), Pylon  
  49  4:21  Nexus  
  49  4:33  Probe (Chrono Boost), Phoenix  
  49  4:35  Probe (Chrono Boost)  
  51  4:45  Probe x2 (Chrono Boost)  
  53  4:47  Adept  
  55  4:54  Phoenix  
  55  4:56  Gateway, Probe (Chrono Boost)  
  55  4:58  Probe (Chrono Boost)  
  55  4:59  Robotics Facility  
  59  5:06  Probe (Chrono Boost)  
  60  5:10  Probe (Chrono Boost)  
  61  5:16  Phoenix  
  61  5:17  Probe (Chrono Boost)  
  65  5:22  Probe (Chrono Boost)  
  65  5:27  Probe (Chrono Boost)  
  66  5:29  Forge  
  66  5:31  Forge  
  66  5:34  Probe (Chrono Boost)  
  68  5:35  Probe (Chrono Boost)  
  68  5:38  Probe (Chrono Boost)  
  68  5:40  Twilight Council  
  68  5:42  Phoenix  
  69  5:46  Probe x2 (Chrono Boost)  
  69  5:48  Probe (Chrono Boost)  
  75  5:50  Observer  
  75  5:56  Probe (Chrono Boost)  
  77  5:58  Probe (Chrono Boost)  
  77  6:01  Probe (Chrono Boost)  
  77  6:03  Protoss Ground Weapons Level 1 (Chrono Boost)  
  77  6:04  Pylon, Protoss Ground Armor Level 1 (Chrono Boost)  
  78  6:07  Probe (Chrono Boost)  
  78  6:08  Assimilator  
  78  6:10  Probe (Chrono Boost)  
  80  6:11  Pylon  
  80  6:12  Probe (Chrono Boost)  
  80  6:13  Assimilator  
  80  6:16  Immortal  
  80  6:18  Probe (Chrono Boost)  
  86  6:22  Probe (Chrono Boost), Templar Archives  
  87  6:30  Probe x2 (Chrono Boost)  
  89  6:34  Probe (Chrono Boost)  
  90  6:40  Probe x2 (Chrono Boost)  
  90  6:45  Nexus  
  90  6:46  Probe (Chrono Boost)  
  93  6:51  Probe (Chrono Boost)  
  93  6:52  Probe (Chrono Boost)  
  95  6:59  Probe (Chrono Boost), Robotics Facility  
  96  7:01  Gateway  
  96  7:02  Gateway  
  96  7:04  Gateway  
  96  7:05  Pylon  
  96  7:06  Gateway, Pylon  
  96  7:07  Probe x2 (Chrono Boost)  
  98  7:11  Probe (Chrono Boost)  
  99  7:16  Immortal  
  99  7:19  Pylon  
  99  7:20  Charge (Chrono Boost)  
  103  7:23  Pylon  
  103  7:28  Probe (Chrono Boost)  
  103  7:29  Probe (Chrono Boost), Pylon  
  105  7:36  High Templar  
  105  7:37  High Templar x2  
  109  7:42  Gateway  
  109  7:43  Gateway  
  111  7:45  Gateway  
  111  7:46  Archon  
  111  7:49  Immortal  
  115  7:56  Probe x2  
  117  7:59  Protoss Ground Armor Level 2 (Chrono Boost), Protoss Ground Weapons Level 2 (Chrono Boost)  
  117  8:01  Assimilator  
  117  8:03  Pylon  
  117  8:04  Assimilator  
  117  8:05  High Templar x4  
  121  8:10  Immortal  
  121  8:12  Archon x2  
  129  8:14  Probe  
  129  8:15  Probe x2  
  129  8:18  Probe  
  133  8:24  Probe  
  134  8:27  Probe x2  
  134  8:29  Photon Cannon  
  134  8:30  Probe, Photon Cannon  
  134  8:31  Immortal  
  141  8:35  Probe  
  141  8:39  Probe x2  
  144  8:42  Probe  
  144  8:47  High Templar x2  
  149  8:49  Immortal  
  153  8:58  Nexus, Oracle  
  153  9:01  Pylon  
  153  9:04  Pylon  
  154  9:11  Immortal  
  154  9:14  Zealot  
  160  9:18  Gateway  
  160  9:21  Gateway, Probe  
  160  9:22  Probe x2  
  163  9:27  Assimilator  
  163  9:28  Immortal  
  167  9:32  Assimilator  
  167  9:34  Photon Cannon  
  167  9:37  Photon Cannon  
  163  9:47  Stalker  
  163  9:48  Stalker  
  163  9:50  Immortal  
  163  9:51  Zealot  
  171  9:54  Zealot  
  165  10:07  Immortal  
  155  10:27  Probe  
  155  10:28  Probe, Photon Cannon  
  153  10:29  Probe, Immortal  
  153  10:31  Photon Cannon  
  160  10:37  Photon Cannon  
  160  10:38  Probe  
  160  10:40  Probe  
  160  10:41  Probe x2, Psionic Storm  
  164  10:47  Observer  
  165  10:50  Probe  
  165  10:51  Probe  
  165  10:53  Probe  
  165  10:55  Photon Cannon  
  167  11:01  Zealot x2  
  167  11:02  Zealot x3  
  171  11:06  Pylon  
  171  11:11  Pylon  
  171  11:12  Probe  
  172  11:23  Probe  
  172  11:24  Probe x3  
  176  11:26  Immortal  
  176  11:30  Immortal  
  184  11:33  Probe  
  184  11:35  Photon Cannon  
  184  11:36  Probe x3  
  186  11:46  Probe  
  186  11:48  Probe  
  188  11:55  Photon Cannon  
  188  12:01  Pylon  
  188  12:04  Pylon  
  188  12:08  Stargate  
  188  12:09  Protoss Ground Armor Level 3 (Chrono Boost), Stargate, Protoss Ground Weapons Level 3 (Chrono Boost)  
  188  12:13  Nexus  
  188  12:15  Probe x2  
  188  12:16  Observer  
  188  12:18  Immortal  
  181  12:27  Pylon  
  181  12:29  Pylon  
  181  12:40  Pylon  
  181  12:56  Probe  
  181  12:57  Observer  
  181  12:58  Probe x2  
  185  13:01  Photon Cannon  
  185  13:03  Photon Cannon  
  185  13:08  Protoss Air Weapons Level 1, Fleet Beacon, Pylon  
  185  13:17  Photon Cannon  
  185  13:18  High Templar x3  
  185  13:19  Warp Prism  
  191  13:25  High Templar x4  
  199  13:29  Archon x2  
  199  13:49  Assimilator  
  199  13:53  Photon Cannon, Assimilator  
  199  13:55  Photon Cannon  
  199  14:00  Stargate  
  171  14:14  Zealot x6, Tempest  
  171  14:15  High Templar x4  
  171  14:16  High Templar x2  
  139  14:17  Immortal x2 (Chrono Boost)  
  139  14:19  Tempest x2  
  155  14:24  Archon  
  155  14:25  Archon  
  155  14:26  Archon  
  155  14:31  Archon  
  143  14:35  Protoss Shields Level 1 (Chrono Boost)  
  143  14:38  Zealot x4  
  133  14:39  Zealot x2  
  138  14:51  Zealot  
  138  14:52  Zealot x5  
  149  14:57  Immortal x2 (Chrono Boost)  
  157  15:02  Tempest  
  138  15:20  Zealot x4  
  138  15:21  Zealot x6  
  106  15:49  Zealot  
  100  15:50  Zealot x6  
  100  15:51  Zealot x3  
  100  15:54  Tempest x4  
  112  16:21  Assimilator  
  94  16:25  Zealot  
  94  16:26  Zealot x3  
  94  16:27  Zealot x3  
  94  16:28  Zealot x3  
  94  16:30  Immortal x2 (Chrono Boost)  
  115  16:52  Stalker x4  
  115  16:53  Stalker  
  123  17:02  Probe  
  123  17:03  Probe x3  
  127  17:11  Assimilator  
  121  17:29  Gateway  
  119  17:35  High Templar x3  
  119  17:36  High Templar x6  
  135  17:40  Archon  
  135  17:41  Archon x3  
  135  17:44  Archon  
  133  17:59  Nexus  
  133  18:08  Immortal x2 (Chrono Boost)  
  97  19:02  Void Ray x3 (Chrono Boost)  
  95  19:03  Void Ray (Chrono Boost)  
  95  19:06  Protoss Air Weapons Level 2 (Chrono Boost)  
  111  19:10  Pylon, High Templar x2  
  111  19:12  Pylon  
  111  19:16  Archon  
  115  19:22  Nexus  
  115  19:27  Assimilator  
  115  19:29  Assimilator  
  115  19:30  Photon Cannon  
  115  19:31  High Templar x2  
  115  19:38  Archon  
  118  19:42  Warp Prism  
  120  19:47  Void Ray (Chrono Boost)  
  120  19:52  Assimilator  
  124  20:08  Void Ray (Chrono Boost)  
  124  20:09  Immortal  
  132  20:17  Void Ray (Chrono Boost)  
  136  20:24  Void Ray (Chrono Boost)  
  140  20:43  Void Ray  
  140  20:48  Immortal  
  148  20:55  Zealot  
  148  20:56  Zealot x6  
  162  20:57  Void Ray  
  166  21:05  Void Ray  
  154  21:30  Immortal  
  158  21:33  Void Ray  
  158  21:35  Void Ray  
  158  21:36  Nexus  
  166  21:44  High Templar x2  
  170  21:55  Pylon  
  170  21:58  Pylon  
  170  22:00  Oracle  
  170  22:03  Observer  
  174  22:09  Observer  
  174  22:13  Archon  
  136  22:48  Zealot x6  
  136  22:49  Zealot  
Tags
 
Add a new tag
Caveats
  • Supply blocks, unpowered buildings, or Contaminate may cause inaccurate times.
  • Supply counts are checked every 10 seconds.